Map: Overgrowth LE (Void)

Players

Anguish

  • Race: Protoss Protoss
  • League: Silver
  • Spawn Location: 1:00

Magi - Winner!

  • Race: Protoss Protoss
  • League: Platinum
  • Spawn Location: 7:00

VOD

Have the link to the VOD?

Description

Time

  • Played on: Dec. 23, 2016, 11:40 a.m.
  • Length: 3:36
Show
View Real Time Build Order
Export as new Build Order

Anguish Protoss 

Build Orders:  

Get SALT Encoding   

  12  0:08  Pylon  
  12  0:13  Probe (Chrono Boost)  
  13  0:27  Gateway  
  13  0:30  Probe (Chrono Boost)  
  14  0:37  Assimilator  
  15  0:43  Probe (Chrono Boost)  
  15  0:47  Assimilator  
  15  0:53  Probe (Chrono Boost)  
  16  1:08  Probe (Chrono Boost)  
  17  1:18  Cybernetics Core  
  17  1:23  Pylon  
  17  1:32  Probe (Chrono Boost)  
  18  1:42  Probe (Chrono Boost)  
  19  1:53  Probe (Chrono Boost)  
  20  1:58  Stargate  
  20  2:04  Probe (Chrono Boost)  
  21  2:16  Probe (Chrono Boost)  
  22  2:26  Probe (Chrono Boost)  
  22  2:30  Zealot  
  25  2:38  Probe (Chrono Boost)  
  28  2:58  Zealot  
Show
View Real Time Build Order
Export as new Build Order

Magi Protoss - Winner!

Build Orders:  

Get SALT Encoding   

  12  0:06  Probe (Chrono Boost)  
  13  0:15  Pylon  
  13  0:34  Probe (Chrono Boost)  
  14  0:42  Pylon  
  14  0:50  Forge  
  14  1:01  Gateway  
  14  1:08  Gateway  
  14  1:49  Zealot  
  14  1:53  Zealot  
  18  2:16  Zealot  
  20  2:22  Pylon  
  20  2:33  Zealot  
  20  2:34  Pylon  
  22  2:43  Zealot  
  24  2:48  Photon Cannon  
  24  2:55  Photon Cannon  
  24  2:57  Photon Cannon  
  24  3:03  Pylon  
  24  3:07  Pylon  
  24  3:09  Assimilator  
Tags
 
Add a new tag
Caveats
  • Supply blocks, unpowered buildings, or Contaminate may cause inaccurate times.
  • Supply counts are checked every 10 seconds.